 Dungeon Crawl Stone Soup version 0.31-a0-83-gbff143cfd1 (webtiles) character file.

Game seed: 3303182736677122930

714 loir the Ruffian (level 7, -5/68 HPs)
             Began as a Troll Gladiator on May 25, 2023.
             Was an Initiate of Okawaru.
             Killed from afar by a white imp (10 damage)
             ... with a puff of frost
             ... on level 5 of the Dungeon.
             The game lasted 00:23:24 (3448 turns).

loir the Ruffian (Troll Gladiator)                  Turns: 3448, Time: 00:23:24

Health: -5/68      AC:  6    Str: 25    XL:     7   Next: 41%
Magic:  6/6        EV: 11    Int:  4    God:    Okawaru [......]
Gold:   133        SH:  0    Dex: 11    Spells: 6/6 levels left

rFire   . .          .
                       - Unarmed
rCold   . . .        (no shield)
rNeg    . . .        a - +0 robe
rPois   .            b - +1 hat
rElec   .            q - +0 cloak {rCorr}
rCorr   +            (gloves unavailable)
SInv    .            (boots unavailable)
Will    .....        (no amulet)
Stlth   +            (no ring)
HPRegen 1.11/turn    (no ring)
MPRegen 0.10/turn

%: no passive effects
@: about to teleport
A: large, unfitting armour, claws 3, regeneration 1, shaggy fur 1, tough skin 1
a: Renounce Religion


You were on level 5 of the Dungeon.
You worshipped Okawaru.
Okawaru was noncommittal.
You visited 2 branches of the dungeon, and saw 6 of its levels.

You collected 133 gold pieces.

Inventory:

Missiles
 c - 3 throwing nets
 d - 6 large rocks (quivered)
 f - 36 stones
 l - 2 javelins
 r - 5 poisoned darts
 s - 3 boomerangs
Armour
 a - a +0 robe (worn)
 b - a +1 hat (worn)
 p - a +0 cloak
 q - a +0 cloak of preservation (worn)
Jewellery
 v - an amulet of magic regeneration
Wands
 i - a wand of flame (17)
 t - a wand of quicksilver (7)
Scrolls
 g - a scroll of enchant armour
 h - 2 scrolls of noise {unknown}
 j - 2 scrolls of identify
Potions
 e - a potion of ambrosia
 k - 2 potions of cancellation {unknown}
 m - 3 potions of curing {unknown}
 o - 3 potions of heal wounds {unknown}
 u - a potion of magic {unknown}


   Skills:
 * Level 3.9 Fighting
 + Level 3.3 Throwing
 * Level 4.3 Dodging
 * Level 5.3 Unarmed Combat


You had 6 spell levels left.
You didn't know any spells.
Your spell library contained the following spells:

 Spells                   Type           Power      Damage    Failure   Level
 Apportation              Tloc           0%         N/A       50%         1
 Poisonous Vapours        Pois/Air       0%         N/A       65%         2
 Mephitic Cloud           Conj/Pois/Air  0%         N/A       86%         3
 Alistair's Intoxication  Tmut/Pois      0%         N/A       100%        5
 Freezing Cloud           Conj/Ice/Air   0%         6-21      100%        5


Dungeon Overview and Level Annotations

Branches:
Dungeon (5/15)             Temple (1/1) D:4

Altars:
Cheibriados
Dithmenos
Elyvilon
Fedhas
Hepliaklqana
Okawaru
Qazlal
Sif Muna
Wu Jian
Zin
The Shining One

Shops:
D:1 [((![   D:4 :


Innate Abilities, Weirdness & Mutations

You are too large for most types of armour.
You have claws for hands.
Your natural rate of healing is unusually fast.
You are covered in fur. (AC +1)
You have tough skin. (AC +1)


Message History

The white imp misses you. The iguana barely misses you.
You claw the iguana!
You kill the iguana!
Okawaru accepts your kill. The white imp hits you. The white imp freezes you.
You claw the iguana!
The iguana is severely wounded.
The white imp hits you but does no damage.
The iguana bites you!
You are too injured to fight recklessly!
You are too injured to fight recklessly!
You are too injured to fight recklessly!
You are too injured to fight recklessly!
You scratch the iguana.
The iguana is almost dead.
The white imp hits you but does no damage.
The iguana bites you!
You barely miss the iguana.
The iguana is almost dead.
You completely miss the iguana.
The iguana is almost dead.
The white imp closely misses you. The iguana barely misses you.
You scratch the white imp but do no damage.
The white imp hits you. The white imp freezes you.
* * * LOW HITPOINT WARNING * * *
The iguana bites you!
* * * LOW HITPOINT WARNING * * *
The iguana attacks as you move away! The iguana closely misses you.
As you read the scroll of teleportation, it crumbles to dust.
You feel strangely unstable. The white imp barely misses you.
The iguana bites you but does no damage.
The iguana attacks as you move away! The iguana closely misses you.
The white imp attacks as you move away! The white imp hits you.
* * * LOW HITPOINT WARNING * * *
The white imp freezes you.
* * * LOW HITPOINT WARNING * * *
The white imp lashes its tail.
The white imp gestures at you. The puff of frost hits you!
You die...

.
......####.......#
. ....##
##†...##..# .
....####....## ...#
. ......#....## ..#
. ..........## ..#
. ....#....## . ..
###..### .
##....######... .
...##....5.@.......
.
.........l.........
.
...................
.
...................
...#...............
...#####......[....
.. #...........
#...........
...####


You could see an iguana and a white imp.

Vanquished Creatures
  Sigmund (D:3)
  A phantom (D:4)
  A bullfrog (D:4)
  2 jellies (D:2)
  A hound (D:4)
  2 iguanas (D:5)
  Crazy Yiuf (D:3)
  Jessica (D:2)
  Terence (D:3)
  An orc wizard (D:4)
  Robin (D:2)
  2 adders (D:2)
  A shadow imp (D:5)
  A white imp (D:5)
  2 ufetubi
  6 dart slugs
  5 orcs
  18 endoplasms
  12 goblins
  9 hobgoblins
  4 quokkas
  7 ball pythons
  3 bats
  A frilled lizard (D:1)
  15 kobolds
99 creatures vanquished.

Notes
Turn   | Place    | Note
-------+----------+-------------------------------------------
     0 | D:1      | loir the Troll Gladiator began the quest for the Orb.
     0 | D:1      | Reached XP level 1. HP: 19/19 MP: 0/0
    46 | D:1      | Found Huohy's Antique Armour Shop.
    72 | D:1      | Found Huiger's Antique Weapon Emporium.
   164 | D:1      | Found Kupig's Armour Shop.
   214 | D:1      | Found Lotzeng's Weapon Emporium.
   244 | D:1      | Reached XP level 2. HP: 20/28 MP: 1/1
   280 | D:1      | Found Noumeiff's Distillery.
   666 | D:2      | Noticed Robin
   666 | D:2      | Found a hazy altar of Hepliaklqana.
   671 | D:1      | Reached XP level 3. HP: 35/35 MP: 2/2
   685 | D:2      | Noticed Jessica
   730 | D:2      | Killed Jessica
   731 | D:2      | Reached XP level 4. HP: 36/44 MP: 3/3
   734 | D:2      | Killed Robin
  1451 | D:2      | Reached skill level 4 in Unarmed Combat
  1451 | D:2      | Reached XP level 5. HP: 29/50 MP: 4/4
  1703 | D:3      | Noticed Sigmund
  1707 | D:3      | Killed Sigmund
  1708 | D:3      | Reached XP level 6. HP: 57/61 MP: 5/5
  1774 | D:3      | Found a faded altar of an unknown god.
  1913 | D:3      | Noticed Terence
  1922 | D:3      | Killed Terence
  2075 | D:3      | Found a glowing silver altar of Zin.
  2249 | D:3      | Found a runed translucent door.
  2250 | D:3      | Noticed Crazy Yiuf
  2256 | D:3      | Killed Crazy Yiuf
  2676 | D:4      | Reached skill level 5 in Unarmed Combat
  2676 | D:4      | Reached XP level 7. HP: 65/67 MP: 6/6
  2729 | D:4      | Found Fexosto's Tiny Tomes.
  2778 | D:4      | Found a staircase to the Ecumenical Temple.
  2786 | Temple   | Entered the Ecumenical Temple
  2855 | Temple   | Became a worshipper of Warmaster Okawaru
  3264 | D:5      | Entered Level 5 of the Dungeon
  3447 | D:5      | HP: 3/68 [white imp (5)]
  3448 | D:5      | Killed from afar by a white imp

Illustrated notes

Levels and vault maps discovered:
D:1:      denvon_arrival_planthouse, layout_loops_ring, serial_shops,
          nicolae_shop_hallway_plus, shop, nicolae_shop_just_a_little_nook,
          shop, nicolae_shop_tiny_glass
D:2:      cheibrodos_fertilizer, layout_basic, basic_altar,
          minmay_misc_feat_encased, uniq_robin, uniq_jessica
D:3:      layout_loops_ring, mainiacjoe_overflow_alcove_2,
          chequers_ecumenical_altar_simple_redux, uniq_terence, uniq_sigmund,
          uniq_crazy_yiuf_cottage
D:4:      layout_loops_ring, minmay_temple_entry_purple_smoke,
          nicolae_shop_i_like_small_books_too, kennysheep_dice
D:5:      layout_layer_cave, led_xom_imps, marbit_many_paths, serial_demonic,
          serial_demonic_b, serial_demonic_a, serial_demonic_b, serial_demonic_e
Temple:   jpeg_temple_island

Skill      XL: |  1  2  3  4  5  6 |
---------------+-------------------+-----
Throwing       | 2 3 |  3.3
Fighting       | 2 3 |  3.9
Dodging        | 3 4 |  4.3
Unarmed Combat | 4 5 |  5.3

Action                     |  1- 3 |  4- 6 |  7- 9 || total
---------------------------+-------+-------+-------++-------
  Melee: Unarmed           |    67 |   116 |    55 ||   238
         Punch             |     1 |     4 |       ||     5
  Throw: Stone             |       |     3 |       ||     3
         Javelin           |       |     4 |       ||     4
         Large rock        |       |     2 |       ||     2
    Use: Scroll            |     2 |     7 |     1 ||    10
   Stab: Sleeping          |     1 |       |       ||     1
 Armour: Robe              |    30 |    29 |    26 ||    85
  Dodge: Dodged            |    42 |    51 |    29 ||   122

Table legend: (Time is in decaauts)
 A = Elapsed time spent in this place.
 B = Non-inter-level travel time spent in this place.
 C = Inter-level travel time spent in this place.
 D = Time resting spent in this place.
 E = Time spent auto-exploring this place.
 F = Levels seen in this place.
 G = Mean time per level.
                   A        B        C        D        E       F      G
               +--------+--------+--------+--------+--------+-----+--------+
         Total |   3438 |   3161 |    277 |      0 |   2566 |   6 |  573.0 |
       Dungeon |   3350 |   3104 |    246 |      0 |   2514 |   5 |  670.0 |
        Temple |     87 |     56 |     31 |      0 |     52 |   1 |   87.0 |
               +--------+--------+--------+--------+--------+-----+--------+

Top non-repeatable levels by time:
     D:2: 924 daAuts
     D:3: 781 daAuts
     D:4: 754 daAuts
     D:1: 707 daAuts
     D:5: 181 daAuts
  Temple: 87 daAuts
